TOP OF THE 1ST |
Missouri Tigers batting - Pitching for Texas Christian Horned Frogs : RHP Adrián Alvarado
|
Pitching: RHP Adrián Alvarado
|
|
Batting: SHB Marcos Cruz
|
0-0: Ball 1-0: Called Strike 1-1: Ball 2-1: Foul Ball, location: 2F 2-2: Strikes out looking
|
Batting: LHB Julián Echevarría
|
0-0: Called Strike 0-1: Ball 1-1: Ball 2-1: Fly out, F8 (Flyball, 78M)
|
Batting: SHB Brian Fish
|
0-0: Ball 1-0: Ball 2-0: Called Strike 2-1: Foul Ball, location: 2F 2-2: SINGLE (Groundball, 6M) (infield hit)
|
Batting: RHB Harvey Willis
|
0-0: Called Strike 0-1: Called Strike 0-2: Foul Ball, location: 2F 0-2: Strikes out swinging
|
Top of the 1st over - 0 runs, 1 hit, 0 errors, 1 left on base; Missouri 0 - Texas Christian 0 |
BOTTOM OF THE 1ST |
Texas Christian Horned Frogs batting - Pitching for Missouri Tigers : RHP Dave Hayes
|
Pitching: RHP Dave Hayes
|
|
Batting: RHB Stanton Collins
|
0-0: Called Strike 0-1: Swinging Strike 0-2: Ball 1-2: Foul Ball, location: 2F 1-2: Strikes out swinging
|
Batting: LHB Fernando Medina
|
0-0: Ball 1-0: Ball 2-0: Called Strike 2-1: Foul Ball, location: 2F 2-2: Ball 3-2: SINGLE (Groundball, 34D)
|
Batting: LHB José Martínez
|
0-0: Called Strike 0-1: Foul Ball, location: 2F 0-2: Foul Ball, location: 2F 0-2: Foul Ball, location: 2F 0-2: Fielders Choice at 2nd, 4-6 (Groundball, 34)
|
Batting: LHB Perry Hayward
|
0-0: SINGLE (Line Drive, 8LS) José Martínez to second
|
Batting: LHB Peter Smith
|
0-0: Ground out U3 (Groundball, 34)
|
Bottom of the 1st over - 0 runs, 2 hits, 0 errors, 2 left on base; Missouri 0 - Texas Christian 0 |
TOP OF THE 2ND |
Missouri Tigers batting - Pitching for Texas Christian Horned Frogs : RHP Adrián Alvarado
|
Batting: LHB Rodney Rosa
|
0-0: Ground out 3-1 (Groundball, 34)
|
Batting: RHB Harry Edwards
|
0-0: Foul Ball, location: 2F 0-1: Ball 1-1: Ball 2-1: Foul Ball, location: 2F 2-2: Foul Ball, location: 2F 2-2: Ball 3-2: Foul Ball, location: 2F 3-2: Foul Ball, location: 2F 3-2: Base on Balls
|
Batting: LHB Michael Robertson
|
0-0: Swinging Strike 0-1: Called Strike 0-2: Strikes out swinging
|
Batting: LHB Alfredo Herrera
|
0-0: Called Strike 0-1: Ball 1-1: Fly out, F9 (Flyball, 9LD)
|
Top of the 2nd over - 0 runs, 0 hits, 0 errors, 1 left on base; Missouri 0 - Texas Christian 0 |
BOTTOM OF THE 2ND |
Texas Christian Horned Frogs batting - Pitching for Missouri Tigers : RHP Dave Hayes
|
Batting: RHB José Sandoval
|
0-0: Ball 1-0: Called Strike 1-1: Ball 2-1: Ground out 4-3 (Groundball, 4)
|
Batting: LHB Joaquín Trejo
|
0-0: Called Strike 0-1: Ball 1-1: SOLO HOME RUN (Flyball, 9D), Distance : 373 ft
|
Batting: LHB Donald Armstrong
|
0-0: SINGLE (Line Drive, 4MD)
|
Batting: RHB Arthur Salyers
|
0-0: Ball 1-0: Ball 2-0: Called Strike 2-1: Called Strike 2-2: Ground out U3 (Groundball, 34S) Donald Armstrong to second
|
Batting: RHB Stanton Collins
|
0-0: Foul Ball, location: 2F 0-1: Ball 1-1: 2-RUN HOME RUN (Flyball, 7LD), Distance : 389 ft
|
Batting: LHB Fernando Medina
|
0-0: Ground out 4-3 (Groundball, 4)
|
Bottom of the 2nd over - 3 runs, 3 hits, 0 errors, 0 left on base; Missouri 0 - Texas Christian 3 |
TOP OF THE 3RD |
Missouri Tigers batting - Pitching for Texas Christian Horned Frogs : RHP Adrián Alvarado
|
Batting: SHB David Castaneda
|
0-0: Ball 1-0: SINGLE (Line Drive, 89S)
|
Batting: SHB Marcos Cruz
|
0-0: Ball 1-0: Ball 2-0: Called Strike 2-1: Foul Ball, location: 2F 2-2: Grounds into double play, 6-4-3 (Groundball, 6)
|
Batting: LHB Julián Echevarría
|
0-0: Foul Ball, location: 2F 0-1: Ball 1-1: Ball 2-1: SOLO HOME RUN (Flyball, 9D), Distance : 376 ft
|
Batting: SHB Brian Fish
|
0-0: Called Strike 0-1: Ball 1-1: Ball 2-1: SINGLE (Line Drive, 6)
|
Batting: RHB Harvey Willis
|
0-0: Called Strike 0-1: Ball 1-1: Ball 2-1: Ball 3-1: Called Strike 3-2: Foul Ball, location: 2F 3-2: Base on Balls Brian Fish to second
|
Batting: LHB Rodney Rosa
|
0-0: Ball 1-0: Ball 2-0: Ball 3-0: Base on Balls Brian Fish to third Harvey Willis to second
|
Batting: RHB Harry Edwards
|
0-0: Ball 1-0: Ball 2-0: Foul Ball, location: 2F 2-1: Foul Ball, location: 2F 2-2: Foul Ball, location: 2F 2-2: Ball 3-2: Ground out 6-3 (Groundball, 6)
|
Top of the 3rd over - 1 run, 3 hits, 0 errors, 3 left on base; Missouri 1 - Texas Christian 3 |
BOTTOM OF THE 3RD |
Texas Christian Horned Frogs batting - Pitching for Missouri Tigers : RHP Dave Hayes
|
Batting: LHB José Martínez
|
0-0: Called Strike 0-1: SINGLE (Line Drive, 6MD)
|
Batting: LHB Perry Hayward
|
0-0: Called Strike 0-1: Ball 1-1: Fly out, F9 (Line Drive, 9LM)
|
Batting: LHB Peter Smith
|
0-0: Called Strike 0-1: Ball 1-1: SINGLE (Groundball, 4MD) José Martínez to second Runner from 2nd tries for 3rd, OUT!
|
Batting: RHB José Sandoval
|
0-0: Foul Ball, location: 2F 0-1: Ground out 4-3 (Groundball, 4)
|
Bottom of the 3rd over - 0 runs, 2 hits, 0 errors, 1 left on base; Missouri 1 - Texas Christian 3 |
TOP OF THE 4TH |
Missouri Tigers batting - Pitching for Texas Christian Horned Frogs : RHP Adrián Alvarado
|
Batting: LHB Michael Robertson
|
0-0: Foul Ball, location: 2F 0-1: Ball 1-1: Ball 2-1: Ball 3-1: Base on Balls
|
Batting: LHB Alfredo Herrera
|
0-0: Called Strike 0-1: Swinging Strike 0-2: Strikes out swinging
|
Batting: SHB David Castaneda
|
0-0: Ball 1-0: Fly out, F7 (Flyball, 7)
|
Batting: SHB Marcos Cruz
|
0-0: SINGLE (Line Drive, 34D) Michael Robertson to second
|
Batting: LHB Julián Echevarría
|
0-0: Swinging Strike 0-1: Swinging Strike 0-2: Strikes out swinging
|
Top of the 4th over - 0 runs, 1 hit, 0 errors, 2 left on base; Missouri 1 - Texas Christian 3 |
BOTTOM OF THE 4TH |
Texas Christian Horned Frogs batting - Pitching for Missouri Tigers : RHP Dave Hayes
|
Batting: LHB Joaquín Trejo
|
0-0: Ball 1-0: SINGLE (Groundball, 4MD)
|
Batting: LHB Donald Armstrong
|
0-0: Ball 1-0: Fielders Choice at 2nd, 4-6 (Groundball, 4)
|
Batting: RHB Arthur Salyers
|
0-0: Ball 1-0: Foul Ball, location: 2F 1-1: Foul Ball, location: 2F 1-2: Ball 2-2: SINGLE (Groundball, 4MD) Donald Armstrong to second Runner from 2nd tries for 3rd, SAFE, throw made at trailing runner, OUT!
|
Batting: RHB Stanton Collins
|
0-0: Ball 1-0: Called Strike 1-1: Ball 2-1: Foul Ball, location: 2F 2-2: DOUBLE (Line Drive, 7D) Donald Armstrong scores
|
Batting: LHB Fernando Medina
|
0-0: Ball 1-0: Called Strike 1-1: Fly out, F5 (Popup, 56)
|
Bottom of the 4th over - 1 run, 3 hits, 0 errors, 1 left on base; Missouri 1 - Texas Christian 4 |
TOP OF THE 5TH |
Missouri Tigers batting - Pitching for Texas Christian Horned Frogs : RHP Adrián Alvarado
|
Pitching: RHP Joe Martin
|
|
Batting: SHB Brian Fish
|
0-0: Called Strike 0-1: Ball 1-1: Foul Ball, location: 2F 1-2: Foul Ball, location: 2F 1-2: Foul Ball, location: 2F 1-2: Ball 2-2: Ball 3-2: SINGLE (Groundball, 34D)
|
Batting: RHB Harvey Willis
|
0-0: Swinging Strike 0-1: Called Strike 0-2: Ball 1-2: Ball 2-2: Strikes out swinging
|
Batting: LHB Rodney Rosa
|
0-0: Called Strike 0-1: Foul Ball, location: 2F 0-2: Strikes out looking
|
Batting: RHB Harry Edwards
|
0-0: Called Strike 0-1: Ball 1-1: Ball 2-1: Called Strike 2-2: Strikes out looking
|
Top of the 5th over - 0 runs, 1 hit, 0 errors, 1 left on base; Missouri 1 - Texas Christian 4 |
BOTTOM OF THE 5TH |
Texas Christian Horned Frogs batting - Pitching for Missouri Tigers : RHP Dave Hayes
|
Batting: LHB José Martínez
|
0-0: Called Strike 0-1: Ball 1-1: Ball 2-1: Swinging Strike 2-2: Ball 3-2: Ground out 3-1 (Groundball, 34)
|
Batting: LHB Perry Hayward
|
0-0: Ball 1-0: Ground out 4-3 (Groundball, 4M)
|
Batting: LHB Peter Smith
|
0-0: SINGLE (Flyball, 78M)
|
Batting: RHB José Sandoval
|
0-0: Foul Ball, location: 2F 0-1: Ball 1-1: 2-RUN HOME RUN (Flyball, 7LD), Distance : 364 ft
|
Batting: LHB Joaquín Trejo
|
0-0: Ball 1-0: Ball 2-0: Ball 3-0: Called Strike 3-1: Foul Ball, location: 2F 3-2: Base on Balls
|
Pitching: RHP Paul Young
|
|
Batting: LHB Donald Armstrong
|
0-0: Foul Ball, location: 2F 0-1: DOUBLE (Line Drive, 89M) Joaquín Trejo to third
|
Batting: RHB Arthur Salyers
|
0-0: Ball 1-0: Foul Ball, location: 2F 1-1: Called Strike 1-2: Ball 2-2: Strikes out swinging
|
Bottom of the 5th over - 2 runs, 3 hits, 0 errors, 2 left on base; Missouri 1 - Texas Christian 6 |
TOP OF THE 6TH |
Missouri Tigers batting - Pitching for Texas Christian Horned Frogs : RHP Joe Martin
|
Batting: LHB Michael Robertson
|
0-0: Ball 1-0: Ball 2-0: Fly out, F7 (Flyball, 7)
|
Batting: LHB Alfredo Herrera
|
0-0: Foul Ball, location: 2F 0-1: DOUBLE (Line Drive, 7D)
|
Batting: SHB David Castaneda
|
0-0: Fly out, F7 (Flyball, 7S)
|
Batting: SHB Marcos Cruz
|
0-0: Called Strike 0-1: Ground out U3 (Groundball, 3L)
|
Top of the 6th over - 0 runs, 1 hit, 0 errors, 1 left on base; Missouri 1 - Texas Christian 6 |
BOTTOM OF THE 6TH |
Texas Christian Horned Frogs batting - Pitching for Missouri Tigers : RHP Paul Young
|
Batting: RHB Stanton Collins
|
0-0: Called Strike 0-1: Ball 1-1: Called Strike 1-2: Ball 2-2: Ball 3-2: Foul Ball, location: 2F 3-2: Base on Balls
|
Batting: LHB Fernando Medina
|
0-0: Called Strike Stanton Collins steals 2nd base 0-1: Ball 1-1: Ball 2-1: Ground out 4-3 (Groundball, 4D) Stanton Collins to third
|
Batting: LHB José Martínez
|
0-0: Ground out 6-3 (Groundball, 6)
|
Batting: LHB Perry Hayward
|
0-0: Called Strike 0-1: Ball 1-1: Ball 2-1: Swinging Strike 2-2: Ball 3-2: Ground out 6-3 (Groundball, 56)
|
Bottom of the 6th over - 0 runs, 0 hits, 0 errors, 1 left on base; Missouri 1 - Texas Christian 6 |
TOP OF THE 7TH |
Missouri Tigers batting - Pitching for Texas Christian Horned Frogs : RHP Joe Martin
|
Batting: LHB Julián Echevarría
|
0-0: Ball 1-0: Swinging Strike 1-1: Ball 2-1: Foul Ball, location: 2F 2-2: Ball 3-2: Strikes out looking
|
Batting: SHB Brian Fish
|
0-0: Ball 1-0: Foul Ball, location: 2F 1-1: Ground out 5-3 (Groundball, 56S)
|
Batting: RHB Harvey Willis
|
0-0: Ball 1-0: Ball 2-0: Ball 3-0: Base on Balls
|
Batting: LHB Rodney Rosa
|
0-0: Ball 1-0: SINGLE (Flyball, 7LS) Harvey Willis to second
|
Batting: RHB Harry Edwards
|
0-0: Ball 1-0: 3-RUN HOME RUN (Flyball, 9LD), Distance : 361 ft
|
Pitching: LHP Larry Mountjoy
|
|
Batting: LHB Michael Robertson
|
0-0: Ball 1-0: Called Strike 1-1: Ball 2-1: Foul Ball, location: 2F 2-2: Ball 3-2: Base on Balls
|
Batting: LHB Alfredo Herrera
|
0-0: Foul Ball, location: 2F 0-1: Ball 1-1: Ball 2-1: Called Strike 2-2: Strikes out swinging
|
Top of the 7th over - 3 runs, 2 hits, 0 errors, 1 left on base; Missouri 4 - Texas Christian 6 |
BOTTOM OF THE 7TH |
Texas Christian Horned Frogs batting - Pitching for Missouri Tigers : RHP Paul Young
|
Batting: LHB Peter Smith
|
0-0: Ball 1-0: Ball 2-0: Ball 3-0: Called Strike 3-1: Base on Balls
|
Batting: RHB José Sandoval
|
0-0: Ball 1-0: Ball 2-0: Called Strike 2-1: Foul Ball, location: 2F 2-2: SINGLE (Groundball, 6MD) Peter Smith to second
|
Batting: LHB Joaquín Trejo
|
0-0: Called Strike 0-1: Called Strike 0-2: Ball 1-2: Strikes out swinging
|
Batting: LHB Donald Armstrong
|
0-0: Hit by Pitch Peter Smith to third José Sandoval to second
|
Pinch Hitting: RHB R.J. Tucker
|
0-0: Called Strike 0-1: Swinging Strike 0-2: Foul Ball, location: 2F 0-2: Ball 1-2: Strikes out swinging
|
Batting: RHB Stanton Collins
|
0-0: Ball 1-0: Swinging Strike 1-1: DOUBLE (Flyball, 8LD) Peter Smith scores José Sandoval scores Donald Armstrong to third Runner from 3rd tries for Home, SAFE, no throw
|
Batting: LHB Fernando Medina
|
0-0: Fly out, F6 (Popup, 6MD)
|
Bottom of the 7th over - 3 runs, 2 hits, 0 errors, 1 left on base; Missouri 4 - Texas Christian 9 |
TOP OF THE 8TH |
Missouri Tigers batting - Pitching for Texas Christian Horned Frogs : LHP Larry Mountjoy
|
Now at 2B: Lee Elliott
|
|
Now in LF: Jason Ball
|
|
Batting: SHB David Castaneda
|
0-0: Ball 1-0: SINGLE (Groundball, 34D)
|
Batting: SHB Marcos Cruz
|
0-0: Foul Ball, location: 2F 0-1: Called Strike 0-2: Fly out, F9 (Flyball, 89S)
|
Batting: LHB Julián Echevarría
|
0-0: Ball 1-0: Ball 2-0: Ball 3-0: Called Strike 3-1: Base on Balls David Castaneda to second
|
Batting: SHB Brian Fish
|
0-0: Fly out, F5 (Line Drive, 6)
|
Batting: RHB Harvey Willis
|
0-0: Fly out, F4 (Popup, 13S)
|
Top of the 8th over - 0 runs, 1 hit, 0 errors, 2 left on base; Missouri 4 - Texas Christian 9 |
BOTTOM OF THE 8TH |
Texas Christian Horned Frogs batting - Pitching for Missouri Tigers : RHP Paul Young
|
Batting: LHB José Martínez
|
0-0: Ball 1-0: Fly out, F7 (Flyball, 78M)
|
Batting: LHB Perry Hayward
|
0-0: Ball 1-0: Ball 2-0: Ground out U3 (Groundball, 3L)
|
Batting: LHB Peter Smith
|
0-0: Ball 1-0: Called Strike 1-1: Called Strike 1-2: Foul Ball, location: 2F 1-2: Ball 2-2: Ball 3-2: Foul Ball, location: 2F 3-2: Foul Ball, location: 2F 3-2: Foul Ball, location: 2F 3-2: Foul Ball, location: 2F 3-2: Base on Balls
|
Pitching: LHP Harrison Hankins
|
|
Batting: RHB José Sandoval
|
0-0: Foul Ball, location: 2F 0-1: Called Strike 0-2: Strikes out swinging
|
Bottom of the 8th over - 0 runs, 0 hits, 0 errors, 1 left on base; Missouri 4 - Texas Christian 9 |
TOP OF THE 9TH |
Missouri Tigers batting - Pitching for Texas Christian Horned Frogs : LHP Larry Mountjoy
|
Batting: LHB Rodney Rosa
|
0-0: Fly out, F3 (Popup, 3F)
|
Batting: RHB Harry Edwards
|
0-0: Foul Ball, location: 2F 0-1: Fly out, F6 (Popup, 6D)
|
Batting: LHB Michael Robertson
|
0-0: Ball 1-0: Called Strike 1-1: Ball 2-1: Ball 3-1: Swinging Strike 3-2: Base on Balls
|
Batting: LHB Alfredo Herrera
|
0-0: 2-RUN HOME RUN (Flyball, 9LD), Distance : 355 ft
|
Pitching: RHP Jesús Rodríguez
|
|
Batting: SHB David Castaneda
|
0-0: Fly out, F9 (Flyball, 9LS)
|
Top of the 9th over - 2 runs, 1 hit, 0 errors, 0 left on base; Missouri 6 - Texas Christian 9 |
|